 Dungeon Crawl Stone Soup version 0.26-a0-1049-g242049e08c (webtiles) character file.

Game seed: 14071156214590727134

466034 Morbidden the Stormcaller (level 23, -1/181 (182) HPs)
             Began as a Demonspawn Ice Elementalist on Dec 12, 2020.
             Was the Champion of Vehumet.
             Succumbed to an ushabti's dark miasma
             ... on level 9 of a ziggurat.
             The game lasted 03:04:32 (84357 turns).

Morbidden the Stormcaller (DsIE)                   Turns: 84357, Time: 03:04:34

HP:   -1/181 (182)  AC: 22    Str: 14    XL:     23   Next: 45%
MP:   27/71         EV: 21    Int: 26    God:    Vehumet [******]
Gold: 2104          SH: 19    Dex: 26    Spells: 8/56 levels left

rFire    . . .     SeeInvis +   K - +9 demon trident (elec)
rCold    . . .     Faith    .   G - +5 kite shield {reflect}
rNeg     + + .     Spirit   +   J - +0 ring mail "Vequze" {rN++ MP+9 Str+4 Dex+3}
rPois    .         Reflect  +   M - +3 crown of Dyrovepreva {rElec Int+2 SInv}
rElec    +         Harm     .   q - +2 cloak {rCorr}
rCorr    +         Rampage  .   e - +2 pair of gloves
Will     +....                  (boots unavailable)
Stlth    ++........             F - amulet "Meptoz" {RegenMP Will+ Dex+6}
HPRegen  0.40/turn              U - ring of magical power
MPRegen  1.09/turn              p - ring of magical power

@: lethally poisoned (-1 -> -48), weak-willed, slowed, studying Short Blades,
very slow
A: hooves 3, iridescent scales 3, agile 1, blurry vision 1, demonic guardian 2,
magic shield, magic regeneration, magic link, MP-powered wands
}: 2/15 runes: serpentine, barnacled
a: Renounce Religion


You were on level 9 of a ziggurat.
You worshipped Vehumet.
Vehumet was exalted by your worship.
You visited 9 branches of the dungeon, and saw 42 of its levels.
You visited the Abyss 1 time.
You visited 1 bazaar.
You visited 1 ziggurat, and saw 9 of its levels.
You also visited: Sewer and Wizlab.

You collected 5525 gold pieces.
You spent 3421 gold pieces at shops.

Inventory:

Hand Weapons
 b - the +8 arc blade {discharge, rElec}
   (You found it on level 7 of a ziggurat)

   It insulates you from electricity.
 D - a +1 antimagic quick blade
 K - a +9 demon trident of electrocution (weapon)
 Z - a +2 demon blade of flaming
Missiles
 l - 32 javelins
 r - 8 throwing nets
 C - 24 silver javelins
 X - 11 curare-tipped darts (quivered)
Armour
 e - a +2 pair of gloves (worn)
 q - a +2 cloak of preservation (worn)
 y - the -2 hat of the Alchemist {rElec rPois rF+ rC+ rN+ Will+ rMut rCorr}
   (You bought it in a shop in a bazaar)

   It protects you from fire.
   It protects you from cold.
   It insulates you from electricity.
   It protects you from poison.
   It protects you from negative energy.
   It affects your willpower, your defense against some magical effects.
   It provides partial protection from all sources of acid and corrosion.
   It protects you from mutation.
 G - a +5 kite shield of reflection (worn)
 J - the +0 ring mail "Vequze" (worn) {rN++ MP+9 Str+4 Dex+3}
   (You found it on level 8 of the Dungeon)

   It affects your strength (+4).
   It affects your dexterity (+3).
   It greatly protects you from negative energy.
   It affects your magic capacity (+9).
 M - the +3 crown of Dyrovepreva (worn) {rElec Int+2 SInv}
   (You bought it in a shop on level 2 of the Orcish Mines)

   It affects your intelligence (+2).
   It insulates you from electricity.
   It lets you see invisible.
Jewellery
 a - an uncursed amulet of the acrobat
 p - a ring of magical power (right hand)
 F - the amulet "Meptoz" (around neck) {RegenMP Will+ Dex+6}
   (You found it on level 14 of the Dungeon)

   [amulet of magic regeneration]

   It increases your magic regeneration.
   It affects your dexterity (+6).
   It affects your willpower, your defense against some magical effects.
 Q - a +4 ring of slaying
 U - a ring of magical power (left hand)
Wands
 E - a wand of digging (13)
 I - a wand of iceblast (24)
 O - a wand of disintegration (41)
 W - a wand of paralysis (39)
 Y - a wand of acid (27)
Scrolls
 c - 2 scrolls of brand weapon
 d - a scroll of blinking
 g - a scroll of enchant weapon
 i - 13 scrolls of identify
 j - 4 scrolls of fog
 m - 29 scrolls of remove curse
 o - 4 scrolls of fear
 s - 6 scrolls of teleportation
 u - 7 scrolls of enchant armour
 A - 5 scrolls of amnesia
 H - 3 scrolls of silence
 N - 6 scrolls of magic mapping
Potions
 h - 10 potions of brilliance
 k - 13 potions of curing
 n - 6 potions of flight
 t - 11 potions of might
 v - 3 potions of resistance
 x - 2 potions of ambrosia
 B - 8 potions of haste
 P - 2 potions of invisibility
 S - 9 potions of mutation
 T - 3 potions of berserk rage
 V - a potion of cancellation
Books
 L - a manual of Short Blades
Miscellaneous
 f - a phantom mirror (inert)
 z - a condenser vane (inert)


   Skills:
 * Level 15.4 Fighting
 + Level 7.1 Short Blades
 + Level 0.1(4.3) Long Blades
 * Level 8.7(9.1) Polearms
 + Level 4.1(6.9) Staves
 + Level 0.1 Throwing
 + Level 6.8 Armour
 * Level 11.8 Dodging
 + Level 4.1 Stealth
 * Level 13.0 Shields
 + Level 17.4 Spellcasting
 * Level 13.4 Conjurations
 + Level 9.5 Summonings
 + Level 4.0 Translocations
 * Level 4.1 Transmutations
 + Level 3.0 Fire Magic
 + Level 11.0 Ice Magic
 * Level 18.4 Air Magic
 * Level 5.6 Earth Magic
 + Level 0.7 Evocations


You had 8 spell levels left.
You knew the following spells:

 Your Spells              Type           Power        Failure   Level
a - Airstrike             Air            #######...   1%          4
b - Iskenderun's Mystic   Conj/Tloc      ######..     1%          4
c - Chain Lightning       Conj/Air       #######...   13%         8
d - Freeze                Ice            ####         1%          1
e - Tornado               Air            #######...   54%         9
f - Frozen Ramparts       Ice            ######       1%          3
g - Bolt of Magma         Conj/Fire/Erth ######....   1%          5
h - Statue Form           Tmut/Erth      #####....    71%         6
x - Summon Lightning Spi  Summ/Air       #######.     1%          4
z - Summon Ice Beast      Ice/Summ       ######..     1%          4

Your spell library contained the following spells:

 Spells                   Type           Power        Failure   Level
 Ignition                 Fire           #####.....   100%        8
 Absolute Zero            Ice            ######....   100%        9
 Magic Dart               Conj           ####         0%          1
 Shock                    Conj/Air       ####         0%          1
 Swiftness                Air            #######.     0%          2
 Static Discharge         Conj/Air       #######.     0%          3
 Beastly Appendage        Tmut           #####.       1%          1
 Foxfire                  Conj/Fire      ####         1%          1
 Sandblast                Erth           ######       1%          1
 Summon Small Mammal      Summ           ####         1%          1
 Blink                    Tloc           N/A          1%          2
 Call Imp                 Summ           ######..     1%          2
 Corpse Rot               Necr/Air       N/A          1%          2
 Ensorcelled Hibernation  Hex/Ice        ######       1%          2
 Passwall                 Tmut/Erth      #####...     1%          2
 Poisonous Vapours        Pois/Air       ######       1%          2
 Searing Ray              Conj           ######       1%          2
 Wereblood                Tmut           #####...     1%          2
 Call Canine Familiar     Summ           ######..     1%          3
 Conjure Flame            Conj/Fire      ######..     1%          3
 Dazzling Flash           Conj/Hex       ######       1%          3
 Mephitic Cloud           Conj/Pois/Air  ######..     1%          3
 Ozocubu's Armour         Ice            ######..     1%          3
 Stone Arrow              Conj/Erth      ######       1%          3
 Fulminant Prism          Conj/Hex       ######....   1%          4
 Hailstorm                Conj/Ice       ######..     1%          4
 Sticky Flame             Conj/Fire      ######..     1%          4
 Irradiate                Conj/Tmut      ######....   1%          5
 Lightning Bolt           Conj/Air       #######...   1%          5
 Conjure Ball Lightning   Conj/Air       #######...   1%          6
 Freezing Cloud           Conj/Ice/Air   #######...   1%          6
 Sting                    Tmut/Pois      ####         2%          1
 Inner Flame              Hex/Fire       ####....     2%          3
 Summon Guardian Golem    Hex/Summ       #####...     2%          3
 Ice Form                 Ice/Tmut       ######..     2%          4
 Gell's Gravitas          Tloc           #####.....   3%          3
 Silence                  Hex/Air        ######....   3%          5
 Summon Demon             Summ           ######....   3%          5
 Lee's Rapid Deconstruct  Erth           ######....   4%          5
 Animate Skeleton         Necr           ###...       5%          1
 Corona                   Hex            ###....      5%          1
 Pain                     Necr           ###.         5%          1
 Portal Projectile        Hex/Tloc       ####..       7%          3
 Spider Form              Tmut/Pois      ####......   7%          3
 Petrify                  Tmut/Erth      #####...     7%          4
 Slow                     Hex            ###.....     8%          2
 Sublimation of Blood     Necr           ###.......   8%          2
 Olgreb's Toxic Radiance  Pois           ###.....     13%         4
 Confusing Touch          Hex            ###.....     16%         3
 Tukima's Dance           Hex            ###.....     16%         3
 Vampiric Draining        Necr           ###.......   16%         3
 Leda's Liquefaction      Hex/Erth       #####.....   16%         4
 Yara's Violent Unravell  Hex/Tmut       ####......   16%         5
 Blade Hands              Tmut           #####.....   26%         5
 Animate Dead             Necr           ###.......   45%         4
 Cause Fear               Hex            ###.......   45%         4
 Dispel Undead            Necr           ###.....     45%         4
 Alistair's Intoxication  Tmut/Pois      ####.....    52%         5
 Simulacrum               Ice/Necr       ######....   63%         6
 Summon Hydra             Summ           ######....   65%         7
 Agony                    Necr           ###.....     82%         5
 Excruciating Wounds      Necr           ###.......   82%         5
 Lehudib's Crystal Spear  Conj/Erth      ######....   82%         8
 Dispersal                Tloc           #####.....   83%         6
 Disjunction              Tloc           #####.....   100%        8
 Dragon's Call            Summ           ######....   100%        9
 Fire Storm               Conj/Fire      ######....   100%        9


Dungeon Overview and Level Annotations

Branches:
Dungeon (15/15)            Temple (1/1) D:4            Lair (6/6) D:9
 Shoals (4/4) Lair:4        Snake (4/4) Lair:3        Slime (0/5) Lair:6
    Orc (2/2) D:12            Elf (3/3) Orc:2        Vaults (5/5) D:14
  Crypt (0/3) Vaults:3     Depths (2/5) D:15          Sewer (visited)
 WizLab (visited)

Altars:
Ashenzari
Cheibriados
Dithmenos
Elyvilon
Fedhas
Gozag
Hepliaklqana
Kikubaaqudgha
Makhleb
Nemelex Xobeh
Okawaru
Qazlal
Ru
Sif Muna
Trog
Uskayaw
Vehumet
Wu Jian
Xom
Yredelemnul
Zin
The Shining One

Shops:
D:5 *   D:9 =   D:13 =   D:15 :   Orc:1 [   Orc:2 [([}   Elf:1 :   Snake:2 ==}
Vaults:1 }   Vaults:2 ?***   Vaults:4 !=

Portals:
Hell: Depths:1 Depths:2

Annotations:
D:2 1 runed translucent door, Crazy Yiuf
D:3 Natasha
D:9 Erolcha
D:11 1 runed translucent door, 1994's ghost, journeyman DgIE
Shoals:2 2 transporters
Snake:3 2 transporters, Qount's ghost, adept TeFE
Orc:2 3 runed translucent doors, thewurscht's ghost, journeyman GrFi


Innate Abilities, Weirdness & Mutations

You have hooves in place of feet.
You are completely covered in iridescent scales. (AC +6)
A demonic guardian rushes to your aid.
When hurt, damage is shared between your health and your magic reserves.
You regenerate magic rapidly.
When low on magic, you restore magic in place of health.
You are agile. (Dex +2)
Scrolls take you a little longer to read.
You expend magic power (3 MP) to strengthen your wands.


Message History

Really read with blurry vision while enemies are nearby?
* * * LOW HITPOINT WARNING * * *
You feel sick. The sixfirhy misses you. You block the sixfirhy's attack.
The flying skull hits you!
* * * LOW HITPOINT WARNING * * *
You block the sixfirhy's attack.
The red devil hits you from afar with a +3 demon trident!!
* * * LOW HITPOINT WARNING * * *
The mummy priest calls on the powers of darkness!
Your body is wracked with pain!
You block the vampire's attack. The vampire closely misses you.
Your ice devil hits the golden dragon zombie but does no damage.
The ushabti shakes and rattles.
The vile air hits the spriggan air mage zombie.
The vile air hits you but does no damage.
You block the red devil's attack.
You begin reading the scroll.
You continue reading the scroll.
You are engulfed in dark miasma.
You are more poisoned.
You die...

▓▓............
▓▓.............
▓▓..............
▓.∩4............
▓▓.ZZMZ.........
▓▓.MWMMM.......
▓▓.ZV48M......
▓▓ZWVZ3......
▓▓4z@M.....▓
▓▓▓▓▓▓▓▓▓▓▓


You could see a mummy priest, a flayed ghost (summoned), a shadow wraith
(summoned, invisible), a guardian mummy, an ushabti (catching breath), a
sixfirhy (summoned), 2 vampires, 2 red devils, a flying skull, 5 mummies, a
spriggan air mage simulacrum (summoned), a golden dragon zombie (summoned), a
spriggan air mage zombie, a fire giant zombie, a frost giant zombie, a titan
skeleton and a friendly ice devil (summoned).

Vanquished Creatures
  Mara (Depths:2)
  Nikola (Vaults:1)
  A Hellbinder (WizLab)
  A lich (Depths:1)
  2 deep elf master archers (Elf:3)
  6 krakens
  3 deep elf blademasters
  4 sphinxes
  4 shadow dragons
  2 storm dragons
  4 tengu reavers
  8 nagarajas
  2 fire giants
  An orc warlord (Zig:5)
  3 ghost moths (Zig:8)
  5 frost giants
  A deep elf sorcerer (Elf:3)
  A balrug (WizLab)
  3 vault wardens
  3 cacodemons (WizLab)
  An emperor scorpion (Zig:8)
  Aizul (Depths:1)
  A deep elf elementalist (Elf:3)
  12 ironheart preservers
  6 stone giants
  3 very ugly things
  2 bennus (Zig:9)
  6 deep elf demonologists
  4 entropy weavers
  2 lorocyprocas (WizLab)
  11 deep elf annihilators
  4 merfolk javelineers
  6 merfolk impalers
  2 green deaths (WizLab)
  9 ettins
  9 deep elf death magi
  A mummy priest (Zig:9)
  2 fire dragons (Depths:2)
  12 yaktaur captains
  2 deep elf high priests
  5 great orbs of eyes
  2 jiangshi (Depths:1)
  2 hydras
  4 ice dragons
  6 boulder beetles
  7 merfolk avatars
  10 naga warriors
  2 catoblepae
  6 vault guards
  5 rakshasas
  2 spriggan air magi (Depths:2)
  An alligator snapping turtle (Shoals:1)
  5 satyrs
  10 anacondas
  3 merfolk aquamancers
  4 deep troll shamans
  2 tengu warriors
  11 centaur warriors
  39 two-headed ogres
  12 ogre magi
  7 orc high priests
  A shock serpent (shapeshifter) (Vaults:1)
  18 dancing weapons
  16 naga sharpshooters
  Urug (D:10)
  3 deep troll earth magi
  2 vampire magi
  21 deep elf knights
  3 small abominations
  9 shock serpents
  2 soul eaters (WizLab)
  2 sun demons (WizLab)
  7 skeletal warriors
  3 hell knights (Depths:1)
  A large abomination (Elf:2)
  A storm dragon skeleton (D:15)
  2 shadow wraiths
  5 salamander mystics
  12 sea snakes
  A deep troll (shapeshifter) (Elf:3)
  2 glowing orange brains
  2 shadow demons (WizLab)
  2 unseen horrors
  13 naga ritualists
  11 deep trolls
  17 deep elf archers
  2 wizards
  A phantasmal warrior (Vaults:4)
  15 ironbrand convokers
  17 harpies
  2 wolf spiders
  A lindwurm (shapeshifter) (Zig:6)
  3 orb spiders (Zig:8)
  A mana viper (shapeshifter) (Vaults:2)
  6 necromancers
  21 fauns
  64 deep elf magi
  22 orc knights
  A harpy (shapeshifter) (Vaults:4)
  An oklob plant (Lair:4)
  6 orc sorcerers
  8 mana vipers
  15 cyclopes
  5 elephants
  A moth of wrath (Zig:8)
  31 ugly things
  9 manticores
  6 salamanders
  A stone giant skeleton (Vaults:3)
  7 guardian serpents
  A rust devil (WizLab)
  A guardian serpent (shapeshifter) (Vaults:1)
  3 centaur zombies
  21 black mambas
  20 naga magi
  5 water nymphs
  7 merfolk sirens
  An eye of devastation (Lair:6)
  Joseph (D:10)
  2 human skeletons (Vaults:3)
  A black mamba (shapeshifter) (Depths:2)
  7 vault sentinels
  2 orange demons (WizLab)
  2 gargoyles
  6 centaur skeletons
  15 cane toads
  2 komodo dragons
  An eye of devastation (shapeshifter) (Zig:6)
  2 hellions (WizLab)
  A rime drake (shapeshifter) (Vaults:2)
  6 freezing wraiths
  An efreet (D:14)
  3 rime drakes
  38 yaktaurs
  3 tormentors (WizLab)
  A yaktaur (shapeshifter) (Vaults:3)
  A guardian mummy (D:15)
  2 ice devils (WizLab)
  A tengu conjurer (Depths:1)
  A red devil (WizLab)
  27 merfolk
  A shadow dragon simulacrum (Vaults:3)
  8 wind drakes
  6 hornets
  A queen bee (shapeshifter) (Vaults:3)
  14 trolls
  25 slime creatures
  11 dream sheep
  6 blink frogs
  A hornet (shapeshifter) (Depths:2)
  5 polar bears
  10 snapping turtles
  A flying skull (Zig:9)
  4 redbacks
  A spriggan (shapeshifter) (Depths:1)
  5 shadows
  An air elemental (Elf:3)
  A fire giant simulacrum (Vaults:2)
  A redback (shapeshifter) (Vaults:1)
  2 ynoxinuls (WizLab)
  A deep troll skeleton (D:15)
  Eustachio (D:5)
  20 water elementals
  6 wyverns
  3 wraiths
  A hog (shapeshifter) (Vaults:4)
  49 yaks
  3 fire elementals
  A yak (shapeshifter) (Vaults:3)
  Grum (D:11)
  A golden eye (Zig:4)
  7 basilisks
  2 chaos spawn (WizLab)
  16 humans
  2 vampire mosquitoes (D:15)
  2 neqoxecs (WizLab)
  Menkaure (D:5)
  A steam dragon (D:9)
  5 wargs
  55 nagas
  4 acid dragons (Vaults:1)
  13 water moccasins
  4 ice beasts
  40 orc warriors
  5 sky beasts
  34 ogres
  2 eyes of draining
  A necrophage (D:11)
  2 hornet zombies
  A tengu (shapeshifter) (Depths:2)
  17 wolves
  An eye of draining (shapeshifter) (Depths:1)
  A wolf (shapeshifter) (Depths:2)
  4 boggarts
  20 centaurs
  4 big kobolds
  Blork the orc (D:5)
  11 bullfrogs
  A wyvern zombie (D:13)
  An earth elemental (Elf:3)
  5 scorpions
  An elf simulacrum (Vaults:3)
  A wight (D:8)
  5 howler monkeys
  4 electric eels
  2 quasits
  18 orc priests
  10 hounds
  A jelly (D:15)
  A bullfrog skeleton (D:11)
  An iguana (D:11)
  21 orc wizards
  Natasha (twice) (D:3)
  5 hell rats
  8 worker ants
  4 ogre zombies (D:12)
  A hound skeleton (D:5)
  A mummy (Zig:9)
  A howler monkey zombie (D:7)
  Robin (D:3)
  7 gnolls
  3 howler monkey skeletons
  11 adders
  A river rat (D:4)
  2 white imps
  An ufetubus (D:5)
  4 oozes (Sewer)
  2 adder skeletons
  6 worms
  A dart slug (D:2)
  10 leopard geckos
  79 orcs
  A ball python (D:3)
  13 bats
  9 giant cockroaches
  8 hobgoblins
  12 jackals
  3 quokkas
  4 frilled lizards
  17 goblins
  2 hobgoblin skeletons (D:12)
  5 hobgoblin zombies (D:12)
  A jackal skeleton (D:9)
  29 kobolds
  2 leopard gecko zombies
  3 orc skeletons (D:12)
  7 orc zombies (D:12)
  A quokka skeleton (D:5)
  7 rats
  5 crawling corpses
  13 tentacles
1696 creatures vanquished.

Vanquished Creatures (collateral kills)
  Margery (Depths:1)
  A titan (Vaults:4)
  4 nagarajas
  A storm dragon (Vaults:4)
  A blood saint (WizLab)
  A fire giant (Depths:1)
  2 vault wardens
  2 orc warlords
  2 deep elf sorcerers
  2 very ugly things
  4 ironheart preservers (Vaults:2)
  A deep elf annihilator (Elf:3)
  Azrael (Orc:2)
  A deep elf death mage (Elf:3)
  A merfolk impaler (Shoals:4)
  An ettin (Depths:2)
  A jiangshi (Depths:1)
  A hell beast (WizLab)
  A rakshasa (Depths:2)
  A vault guard (D:14)
  3 hydras
  A boulder beetle (Vaults:2)
  A catoblepas (Lair:4)
  3 naga warriors (Snake:4)
  An alligator snapping turtle (Shoals:3)
  A merfolk avatar (Lair:6)
  2 death knights
  3 centaur warriors
  An ogre mage (D:15)
  8 two-headed ogres
  A dancing weapon (Elf:2)
  3 anacondas
  A death scarab (Zig:9)
  A deep troll shaman (Depths:2)
  A vampire mage (D:15)
  A naga sharpshooter (Snake:2)
  A deep elf knight (Vaults:1)
  Sonja (Lair:4)
  3 skeletal warriors
  A hell knight (Depths:1)
  4 salamander mystics
  A deep troll (Vaults:2)
  2 deep elf archers
  A sea snake (shapeshifter) (D:14)
  An ironbrand convoker (Vaults:1)
  3 orc knights
  4 naga ritualists
  A necromancer (Depths:1)
  A mana viper (Snake:1)
  3 fauns
  2 manticores
  4 slime creatures
  3 deep elf magi
  An ugly thing (Vaults:1)
  4 salamanders
  4 elephants (Lair:2)
  A frost giant skeleton (D:15)
  2 merfolk sirens (Lair:4)
  3 vault sentinels
  4 naga magi
  2 cane toads
  2 gargoyles (D:14)
  2 komodo dragons
  An ice devil (WizLab)
  A freezing wraith (Vaults:2)
  A hellwing (WizLab)
  2 wind drakes (Lair:6)
  2 polar bears
  3 merfolk
  A hornet (Lair:6)
  2 dream sheep (Shoals:4)
  A spriggan zombie (D:15)
  A blink frog (Lair:6)
  2 snapping turtles (Shoals:4)
  3 water elementals (Shoals:4)
  A ynoxinul (WizLab)
  4 wyverns
  A redback (Zig:8)
  2 humans (D:14)
  17 yaks
  2 wargs (Orc:1)
  8 nagas
  4 water moccasins
  A hell hound (Orc:2)
  A sky beast (D:11)
  An eye of draining (Lair:6)
  7 orc warriors
  A black bear (D:11)
  8 wolves
  3 centaurs (D:14)
  8 ogres
  2 bullfrogs (Lair:2)
  A nameless horror (Shoals:2)
  3 orc wizards (Orc:1)
  A hound (D:14)
  5 orc priests (Orc:1)
  A hell rat (Lair:4)
  2 ogre zombies (D:12)
  9 orcs
  4 kobolds (D:14)
  An orc skeleton (D:12)
  An orc zombie (D:12)
  2 tentacles
244 creatures vanquished.

Vanquished Creatures (others)
  A deep elf sorcerer (Elf:3)
  A deep elf demonologist (Elf:3)
  An ogre mage (Vaults:4)
  A deep elf knight (Elf:1)
  A shadow wraith (Vaults:3)
  A wolf spider (Zig:8)
  A salamander (Snake:2)
  A guardian mummy (Zig:9)
  A blink frog (Lair:6)
  A hell hound (Orc:2)
  2 orc warriors
  A big kobold (D:14)
  2 orc priests (Orc:2)
  An orc wizard (Orc:2)
  4 bushes (Lair:6)
  45 fungi
  228 plants
  37 tentacles
  5 withered plants
335 creatures vanquished.

Grand Total: 2275 creatures vanquished

Notes
Turn   | Place    | Note
-------+----------+-------------------------------------------
     0 | D:1      | Morbidden the Demonspawn Ice Elementalist began the quest
                  | for the Orb.
     0 | D:1      | Reached XP level 1. HP: 13/13 MP: 3/3
   374 | D:1      | Gained mutation: You are partially covered in iridescent
                  | scales. (AC +2) [demonic ancestry]
   374 | D:1      | Reached XP level 2. HP: 19/19 MP: 3/5
  1018 | D:2      | Gained mutation: You are mostly covered in iridescent
                  | scales. (AC +4) [demonic ancestry]
  1018 | D:2      | Reached XP level 3. HP: 22/25 MP: 3/6
  1142 | D:2      | Found a runed translucent door.
  1143 | D:2      | Noticed Crazy Yiuf
  2148 | D:3      | Noticed Robin
  2156 | D:3      | Reached skill level 1 in Fighting
  2525 | D:2      | Learned a level 3 spell: Frozen Ramparts
  2530 | D:3      | Gained mutation: When hurt, damage is shared between your
                  | health and your magic reserves. [demonic ancestry]
  2530 | D:3      | Reached XP level 4. HP: 32/32 MP: 3/7
  2577 | D:3      | Noticed Natasha
  2691 | D:3      | Killed Robin
  2940 | D:3      | Learned a level 4 spell: Summon Ice Beast
  3199 | D:3      | Killed Natasha
  3512 | D:3      | Noticed Natasha
  3517 | D:3      | Killed Natasha
  3518 | D:3      | Reached XP level 5. HP: 38/38 MP: 4/9
  3668 | D:3      | Reached skill level 5 in Ice Magic
  3783 | D:3      | Noticed Natasha
  3890 | D:4      | Found a glowing drain.
  3894 | Sewer    | Entered a sewer
  4343 | Sewer    | Gained mutation: You have large cloven feet. [demonic
                  | ancestry]
  4343 | Sewer    | Reached XP level 6. HP: 44/44 MP: 5/10
  4714 | D:4      | Found a snail-covered altar of Cheibriados.
  4771 | D:4      | Noticed a +0 dagger
  4774 | D:4      | Noticed a +0 hand axe
  4793 | D:4      | Found a hide-covered altar of Uskayaw.
  4803 | D:4      | Found a staircase to the Ecumenical Temple.
  4812 | Temple   | Entered the Ecumenical Temple
  4917 | Temple   | Became a worshipper of Vehumet
  5481 | D:5      | Entered Level 5 of the Dungeon
  5581 | D:5      | Reached skill level 1 in Summonings
  5581 | D:5      | Gained mutation: You have hoof-like feet. [demonic
                  | ancestry]
  5581 | D:5      | Reached XP level 7. HP: 47/51 MP: 7/12
  5823 | D:5      | Noticed Menkaure
  5828 | D:5      | Killed Menkaure
  6024 | D:5      | Noticed Eustachio
  6033 | D:5      | Killed Eustachio
  6034 | D:5      | Reached skill level 1 in Short Blades
  6034 | D:5      | Reached XP level 8. HP: 57/58 MP: 11/15
  6133 | D:5      | Noticed Blork the orc
  6142 | D:5      | Killed Blork the orc
  6335 | D:5      | Found Tleyhur's Tempting Trifles.
  6392 | D:5      | Reached * piety under Vehumet
  6392 | D:5      | Offered knowledge of Shock by Vehumet.
  6432 | D:5      | Learned a level 1 spell: Shock
  6692 | D:6      | Reached skill level 1 in Conjurations
  6735 | D:6      | Found a sacrificial altar of Ru.
  6784 | D:6      | Reached skill level 5 in Spellcasting
  6874 | D:6      | Reached skill level 1 in Armour
  7600 | D:7      | Reached skill level 1 in Air Magic
  7730 | D:7      | Found a shimmering altar of Xom.
  7998 | D:7      | Reached ** piety under Vehumet
  8127 | D:7      | Offered knowledge of Foxfire by Vehumet.
  8247 | D:7      | Reached XP level 9. HP: 65/65 MP: 16/18
  8787 | D:8      | Noticed a two-headed ogre
  8803 | D:8      | Killed a two-headed ogre
  8804 | D:8      | Reached skill level 2 in Air Magic
  8918 | D:8      | Found a burning altar of Makhleb.
  8929 | D:8      | Noticed a two-headed ogre
  8957 | D:8      | Killed a two-headed ogre
  8958 | D:8      | Reached skill level 5 in Fighting
  9033 | D:8      | Noticed a boulder beetle
  9042 | D:8      | Reached XP level 10. HP: 49/74 MP: 12/21
  9179 | D:8      | Offered knowledge of Conjure Flame by Vehumet.
  9201 | D:8      | Reached *** piety under Vehumet
  9522 | D:8      | Found a shadowy altar of Dithmenos.
  9523 | D:8      | Found a shimmering blue altar of Sif Muna.
  9626 | D:8      | Got a twisted ring mail
  9631 | D:8      | Identified the cursed +0 ring mail "Vequze" {rN++ MP+9
                  | Str+4 Dex+3} (You found it on level 8 of the Dungeon)
 10052 | D:9      | Noticed Erolcha
 10061 | D:9      | Cast into level 2 of the Abyss (Erolcha)
 10065 | D:9      | Escaped the Abyss
 10321 | D:9      | Noticed a two-headed ogre
 10330 | D:9      | Killed a two-headed ogre
 10374 | D:9      | Found a staircase to the Lair.
 10583 | D:9      | Found Laucolaw's Jewellery Shoppe.
 10603 | D:9      | Found an iron altar of Okawaru.
 10683 | Lair:1   | Entered Level 1 of the Lair of Beasts
 10752 | Lair:1   | Offered knowledge of Mephitic Cloud by Vehumet.
 10837 | Lair:1   | Noticed a cane toad
 10843 | Lair:1   | Killed a cane toad
 10844 | Lair:1   | Reached skill level 3 in Air Magic
 10982 | Lair:1   | Noticed a cane toad
 10990 | Lair:1   | Killed a cane toad
 11120 | Lair:1   | Gained mutation: A weak demonic guardian rushes to your
                  | aid. [demonic ancestry]
 11120 | Lair:1   | Reached XP level 11. HP: 80/81 MP: 11/23
 11834 | Lair:2   | Reached **** piety under Vehumet
 11842 | Lair:2   | Reached skill level 5 in Summonings
 11848 | Lair:2   | Noticed a seven-headed hydra
 12582 | Lair:2   | Killed a seven-headed hydra
 12696 | Lair:2   | Offered knowledge of Bolt of Magma by Vehumet.
 12881 | Lair:2   | Reached skill level 5 in Conjurations
 13953 | Lair:3   | You fall into a shaft and drop 2 floors!
 14171 | Lair:5   | Noticed a seven-headed hydra
 14176 | Lair:5   | Killed a seven-headed hydra
 14263 | Lair:5   | Reached skill level 10 in Spellcasting
 14269 | Lair:5   | Learned a level 5 spell: Bolt of Magma
 14390 | Lair:5   | Reached XP level 12. HP: 86/89 MP: 26/26
 14658 | Lair:5   | Reached skill level 10 in Ice Magic
 15059 | Lair:6   | Entered Level 6 of the Lair of Beasts
 15066 | Lair:5   | Reached ***** piety under Vehumet
 15084 | Lair:5   | Offered knowledge of Orb of Destruction by Vehumet.
 15292 | Lair:4   | Reached skill level 1 in Shields
 15416 | Lair:4   | Reached skill level 1 in Fire Magic
 15692 | Lair:4   | Noticed a four-headed hydra
 15708 | Lair:4   | Killed a four-headed hydra
 15709 | Lair:4   | Reached skill level 1 in Earth Magic
 15862 | Lair:4   | Noticed Sonja
 15866 | Lair:4   | Killed Sonja
 16390 | Lair:4   | Found a staircase to the Shoals.
 16581 | Lair:4   | Noticed a catoblepas
 16593 | Lair:4   | Killed a catoblepas
 17012 | Lair:3   | Noticed a five-headed hydra
 17022 | Lair:3   | Killed a five-headed hydra
 17168 | Lair:3   | Found a staircase to the Snake Pit.
 18587 | Lair:6   | Gained mutation: You are completely covered in iridescent
                  | scales. (AC +6) [demonic ancestry]
 18587 | Lair:6   | Reached XP level 13. HP: 52/98 MP: 23/27
 18595 | Lair:6   | Paralysed by a hornet for 1 turns
 20083 | Lair:6   | Offered knowledge of Iskenderun's Mystic Blast by Vehumet.
 20089 | Lair:6   | Learned a level 4 spell: Iskenderun's Mystic Blast
 20509 | Lair:6   | Found a staircase to the Slime Pits.
 21353 | D:9      | Found a bloodstained altar of Trog.
 21716 | D:10     | Entered Level 10 of the Dungeon
 22189 | D:10     | Noticed Urug
 22201 | D:10     | Killed Urug
 22202 | D:10     | Reached skill level 5 in Dodging
 22347 | D:10     | Noticed Joseph
 22358 | D:10     | Killed Joseph
 22881 | D:11     | Found a basalt altar of Yredelemnul.
 22966 | D:11     | Noticed 1994's ghost (journeyman DgIE)
 22969 | D:11     | Found a runed translucent door.
 23840 | D:11     | Reached skill level 10 in Fighting
 23840 | D:11     | Gained mutation: A demonic guardian rushes to your aid.
                  | [demonic ancestry]
 23840 | D:11     | Reached XP level 14. HP: 111/111 MP: 29/29
 23915 | D:11     | Noticed Grum
 23931 | D:11     | Killed Grum
 23987 | D:11     | Offered knowledge of Yara's Violent Unravelling by Vehumet.
 25188 | D:12     | Found a staircase to the Orcish Mines.
 25275 | D:12     | Reached skill level 4 in Air Magic
 25608 | D:12     | Got a pitted helmet
 25619 | D:12     | Identified the +3 helmet of the Trees {Will+ Slay+2} (You
                  | found it on level 12 of the Dungeon)
 25791 | D:12     | Reached skill level 1 in Translocations
 26103 | D:13     | Found an opulent altar of Gozag.
 26266 | D:13     | Reached XP level 15. HP: 117/117 MP: 30/30
 26548 | D:13     | Found Defotett's Jewellery Shoppe.
 26877 | D:14     | Offered knowledge of Conjure Ball Lightning by Vehumet.
 26878 | D:14     | Reached skill level 5 in Armour
 27355 | D:14     | Reached skill level 5 in Air Magic
 27727 | D:14     | Found a gate to the Vaults.
 27741 | D:14     | Got a scorched bone amulet
 28116 | D:15     | Entered Level 15 of the Dungeon
 28748 | D:15     | Reached skill level 6 in Air Magic
 28831 | D:15     | Offered knowledge of Lee's Rapid Deconstruction by Vehumet.
 29206 | D:15     | Learned a level 4 spell: Airstrike
 29388 | D:15     | Found a staircase to the Depths.
 29405 | D:15     | Identified the amulet "Meptoz" {RegenMP Will+ Dex+6} (You
                  | found it on level 14 of the Dungeon)
 29523 | D:15     | Found Iptaxt's Book Shoppe.
 30137 | Snake:1  | Entered Level 1 of the Snake Pit
 30612 | Orc:1    | Entered Level 1 of the Orcish Mines
 30627 | Orc:1    | Noticed an orc warlord
 30893 | Orc:1    | Killed an orc warlord
 31113 | Orc:1    | Found Teane's Antique Armour Emporium.
 31291 | D:15     | Bought a manual of Shields for 1987 gold pieces
 31352 | Orc:2    | Entered Level 2 of the Orcish Mines
 31359 | Orc:2    | Noticed Azrael
 31896 | Orc:2    | Killed Azrael
 32709 | Orc:2    | Offered knowledge of Iskenderun's Battlesphere by Vehumet.
 32825 | Orc:2    | Found a staircase to the Elven Halls.
 33229 | Orc:2    | Reached skill level 7 in Air Magic
 33664 | Orc:2    | Found a runed translucent gate.
 33664 | Orc:2    | Found a runed translucent gate.
 33664 | Orc:2    | Found a runed translucent gate.
 33671 | Orc:2    | Noticed thewurscht's ghost (journeyman GrFi)
 33719 | Orc:2    | Found an iron altar of Okawaru.
 33952 | Orc:2    | Reached XP level 16. HP: 95/127 MP: 12/32
 34218 | Orc:2    | Found Yresiargh's Antique Armour Boutique.
 34218 | Orc:2    | Found Qiplym's Gadget Emporium.
 34220 | Orc:2    | Found Xereqad's Antique Weapon Boutique.
 34220 | Orc:2    | Found Weebot's Antique Armour Emporium.
 34808 | Snake:1  | Reached skill level 8 in Air Magic
 35983 | Snake:1  | Identified the +2 robe "Ketuuduh" {Will+} (You found it on
                  | level 1 of the Snake Pit)
 36491 | Snake:2  | Reached skill level 9 in Air Magic
 36514 | Snake:2  | Offered knowledge of Starburst by Vehumet.
 37289 | Snake:2  | Found a transporter.
 37290 | Snake:2  | Found a radiant altar of Vehumet.
 38006 | Snake:2  | Found Johidots's Gadget Shop.
 38007 | Snake:2  | Found Sobret's Jewellery Shoppe.
 38007 | Snake:2  | Found Bink's Jewellery Shoppe.
 39392 | Snake:2  | Reached skill level 5 in Shields
 40248 | Snake:2  | Found a transporter.
 41193 | Snake:3  | Identified the cursed +0 great sword "Xiwung" {speed, MP+9}
 41280 | Snake:3  | Reached skill level 5 in Short Blades
 41281 | Snake:3  | Reached skill level 10 in Air Magic
 42001 | Snake:3  | Gained mutation: You regenerate magic rapidly. [demonic
                  | ancestry]
 42001 | Snake:3  | Reached XP level 17. HP: 91/133 MP: 32/34
 42374 | Snake:3  | Found a bloodstained altar of Trog.
 42374 | Snake:3  | Noticed Qount's ghost (adept TeFE)
 42375 | Snake:3  | Found a transporter.
 42522 | Snake:3  | Found a transporter.
 42523 | Snake:3  | Identified the +7 hand axe of the Inquisitive Nights
                  | {flame, Int+3}
 42768 | Snake:4  | Entered Level 4 of the Snake Pit
 43476 | Snake:4  | Reached skill level 11 in Air Magic
 44472 | Snake:4  | Reached ****** piety under Vehumet
 45064 | Snake:4  | Reached skill level 12 in Air Magic
 46681 | Snake:4  | Got a serpentine rune of Zot
 46707 | Snake:4  | Offered knowledge of Chain Lightning by Vehumet.
 46707 | Snake:4  | Offered knowledge of Ignition by Vehumet.
 46707 | Snake:4  | Offered knowledge of Absolute Zero by Vehumet.
 46772 | Snake:4  | Learned a level 8 spell: Chain Lightning
 47124 | Lair:4   | Reached skill level 13 in Air Magic
 47265 | Shoals:1 | Entered Level 1 of the Shoals
 48558 | Shoals:1 | Gained mutation: When low on magic, you restore magic in
                  | place of health. [demonic ancestry]
 48558 | Shoals:1 | Reached XP level 18. HP: 116/142 MP: 36/36
 48809 | Shoals:2 | Found a transporter.
 48817 | Shoals:2 | Reached skill level 1 in Polearms
 48996 | Shoals:2 | Found a transporter.
 49456 | Shoals:2 | Reached skill level 10 in Conjurations
 51905 | Shoals:4 | Entered Level 4 of the Shoals
 51915 | Shoals:3 | Learned a level 4 spell: Summon Lightning Spire
 52339 | Shoals:4 | Reached skill level 15 in Spellcasting
 52385 | Shoals:4 | Reached skill level 14 in Air Magic
 52433 | Shoals:3 | HP: 7/142 [poisoned by a sea snake]
 52438 | Shoals:3 | HP: 3/142 [poisoned by a sea snake]
 54729 | Shoals:4 | Identified the cursed +0 ring mail of Tecyrymm {Int+2 Dex+2
                  | SInv} (You found it on level 4 of the Shoals)
 54855 | Shoals:4 | Got a barnacled rune of Zot
 54954 | Shoals:4 | Reached XP level 19. HP: 116/149 MP: 30/38
 55285 | Shoals:4 | Identified the +9 scythe of Jodot {protect, Int+6} (You
                  | found it on level 4 of the Shoals)
 55654 | Elf:1    | Entered Level 1 of the Elven Halls
 56040 | Elf:1    | Found Ceag's Book Emporium.
 56177 | Elf:1    | Learned a level 4 spell: Petrify
 56462 | Elf:1    | Reached skill level 10 in Shields
 56998 | Elf:1    | Identified the Papyrus of Battle Magic
 57787 | Elf:2    | Reached skill level 1 in Transmutations
 57881 | Elf:2    | Found a runed translucent gate.
 58315 | Elf:2    | Found an ancient bone altar of Kikubaaqudgha.
 58434 | Elf:2    | Found a runed translucent gate.
 58435 | Elf:2    | Found a runed translucent gate.
 58671 | Elf:2    | Reached skill level 15 in Air Magic
 59351 | Elf:3    | Entered Level 3 of the Elven Halls
 61177 | Vaults:1 | Entered Level 1 of the Vaults
 61295 | Vaults:1 | Reached skill level 5 in Polearms
 61304 | Vaults:1 | Gained mutation: You have hooves in place of feet. [demonic
                  | ancestry]
 61304 | Vaults:1 | Reached XP level 20. HP: 157/157 MP: 39/39
 61913 | Vaults:1 | Identified a scroll of acquirement
 61914 | Vaults:1 | Acquired the +7 plate armour "Rorumm" {rN+ rCorr Str+6}
 62256 | Vaults:1 | Reached skill level 10 in Dodging
 62257 | Vaults:1 | Noticed Nikola
 62269 | Vaults:1 | Killed Nikola
 62622 | Vaults:1 | Paralysed by a hornet for 1 turns
 62624 | Vaults:1 | Paralysed by a hornet for 1 turns
 63282 | Vaults:1 | Found Fozyxt's Gadget Shoppe.
 63930 | Vaults:2 | Reached skill level 16 in Air Magic
 64782 | Vaults:2 | Found Ranlophu's Magic Scroll Emporium.
 65381 | Vaults:2 | Found Quqiecabb's General Store.
 65381 | Vaults:2 | Found Urphu's Assorted Antiques.
 65841 | Vaults:2 | Found Ysarghih's General Store.
 66156 | Vaults:3 | Found a magical portal.
 66163 | Vaults:3 | Reached XP level 21. HP: 118/165 MP: 41/41
 66325 | WizLab   | Entered The Hall of the Hellbinder
 66343 | WizLab   | Gained mutation: You are frail. (-10% HP) [a cacodemon]
 67343 | WizLab   | Noticed Seulaupp
 67845 | WizLab   | Got a flickering granite ring
 67846 | WizLab   | Identified the ring "Jasidub" {+Fly rC- Str+6 Int-4 Dex+4}
                  | (You found it in a wizard's laboratory)
 67882 | WizLab   | Killed Seulaupp the Hellbinder
 68092 | WizLab   | Identified the Almanac of Slavery
 68115 | WizLab   | Identified the ring "Atzy" {rElec Str+4 Int+6 Dex-3} (You
                  | found it in a wizard's laboratory)
 68126 | WizLab   | Found a burning altar of Makhleb.
 68760 | Vaults:3 | Reached skill level 1 in Staves
 69085 | Vaults:3 | Got an ancient sapphire amulet
 69818 | Vaults:3 | Found a staircase to the Crypt.
 69818 | Vaults:3 | Found an ancient bone altar of Kikubaaqudgha.
 69819 | Vaults:3 | Found a basalt altar of Yredelemnul.
 71179 | Orc:2    | Bought the +3 crown of Dyrovepreva {rElec Int+2 SInv} for
                  | 786 gold pieces
 71179 | Orc:2    | Found the +3 crown of Dyrovepreva {rElec Int+2 SInv}
 71980 | Vaults:4 | Reached skill level 17 in Air Magic
 72747 | Vaults:4 | Found Oliuphed's Jewellery Boutique.
 72859 | Vaults:4 | Found Morghikhlo's Distillery.
 73258 | Vaults:4 | Found a huge runed gate.
 73259 | Vaults:4 | Found a huge runed gate.
 73260 | Vaults:4 | Found a huge runed gate.
 73261 | Vaults:4 | Found a huge runed gate.
 73261 | Vaults:4 | Found a huge runed gate.
 73261 | Vaults:4 | Found a huge runed gate.
 73262 | Vaults:4 | Found a huge runed gate.
 73262 | Vaults:4 | Found a huge runed gate.
 73262 | Vaults:4 | Found a huge runed gate.
 73263 | Vaults:4 | Found a huge runed gate.
 73272 | Vaults:4 | Found a huge runed gate.
 73272 | Vaults:4 | Found a huge runed gate.
 73272 | Vaults:4 | Found a huge runed gate.
 73272 | Vaults:4 | Found a huge runed gate.
 73272 | Vaults:4 | Found a huge runed gate.
 73272 | Vaults:4 | Found a huge runed gate.
 73272 | Vaults:4 | Found a huge runed gate.
 73273 | Vaults:4 | Found a huge runed gate.
 73274 | Vaults:4 | Found a huge runed gate.
 73285 | Vaults:4 | Found a huge runed gate.
 73285 | Vaults:4 | Found a huge runed gate.
 73285 | Vaults:4 | Found a huge runed gate.
 73285 | Vaults:4 | Found a huge runed gate.
 73285 | Vaults:4 | Found a huge runed gate.
 73285 | Vaults:4 | Found a huge runed gate.
 73285 | Vaults:4 | Found a huge runed gate.
 73286 | Vaults:4 | Found a huge runed gate.
 73287 | Vaults:4 | Found a huge runed gate.
 73295 | Vaults:4 | Found a huge runed gate.
 73295 | Vaults:4 | Found a huge runed gate.
 73295 | Vaults:4 | Found a huge runed gate.
 73295 | Vaults:4 | Found a huge runed gate.
 73295 | Vaults:4 | Found a huge runed gate.
 73295 | Vaults:4 | Found a huge runed gate.
 73295 | Vaults:4 | Found a huge runed gate.
 73296 | Vaults:4 | Found a huge runed gate.
 73370 | Vaults:4 | Reached XP level 22. HP: 149/155 MP: 42/42
 74773 | Vaults:5 | Entered Level 5 of the Vaults
 76002 | Elf:3    | Identified the +5 scale mail "Qeaphar" {rElec Str+6 Stlth-}
 76437 | Elf:3    | Identified the +7 spear of Axaud {vorpal, rF+ rC+ Stlth+}
 76473 | Elf:3    | Identified the Almanac of Doom
 76477 | Elf:3    | Identified the Compendium of the Ashen Glacier
 76496 | Elf:3    | Identified the ring of the Dozen Mystics {+Fly Int+5 Slay-2
                  | Stlth+} (You found it on level 3 of the Elven Halls)
 76538 | Elf:3    | Identified the amulet of Autumn {Inacc rElec rPois Dex+2}
                  | (You found it on level 3 of the Vaults)
 76796 | Depths:1 | Entered Level 1 of the Depths
 77478 | Depths:1 | Reached skill level 15 in Fighting
 77541 | Depths:1 | Noticed Aizul
 77555 | Depths:1 | Killed Aizul
 78314 | Depths:1 | Noticed Margery
 79100 | Depths:1 | Killed Margery
 79313 | Depths:1 | Found a gateway to Hell.
 79353 | Depths:1 | Reached skill level 18 in Air Magic
 79660 | Depths:2 | Found a gateway to a ziggurat.
 79716 | Depths:2 | Learned a level 6 spell: Statue Form
 79795 | Depths:2 | Found a flickering gateway to a bazaar.
 79801 | Depths:2 | Noticed Mara
 79804 | Bazaar   | Entered a bazaar
 79804 | Bazaar   | Found Ciczo's General Store.
 79804 | Bazaar   | Found Kuciun's Gadget Emporium.
 80012 | Bazaar   | Found Rixky's Armour Shoppe.
 80026 | Bazaar   | Found Xaave's Distillery.
 80034 | Bazaar   | Bought a potion of magic for 88 gold pieces
 80034 | Bazaar   | Bought a potion of magic for 88 gold pieces
 80058 | Bazaar   | Bought the -2 hat of the Alchemist {rElec rPois rF+ rC+ rN+
                  | Will+ rMut rCorr} for 472 gold pieces
 80058 | Bazaar   | Found the -2 hat of the Alchemist {rElec rPois rF+ rC+ rN+
                  | Will+ rMut rCorr}
 80083 | Depths:2 | Noticed Morbidden's illusion
 80462 | Depths:2 | Noticed Morbidden's illusion
 80469 | Depths:2 | Killed Mara
 81282 | Depths:2 | Reached skill level 5 in Earth Magic
 81282 | Depths:2 | Reached XP level 23. HP: 156/162 MP: 44/44
 81994 | Depths:2 | Identified the +3 mace of Psychosis {drain, Str+6 Dex+3}
 82513 | Zig:1    | Entered Level 1 of a ziggurat
 82550 | Zig:1    | Learned a level 9 spell: Tornado
 82653 | Zig:2    | Entered Level 2 of a ziggurat
 82701 | Zig:3    | Entered Level 3 of a ziggurat
 82764 | Zig:4    | Entered Level 4 of a ziggurat
 82832 | Zig:4    | Identified the +2 buckler of Dishonour {*Slow Int+7} (You
                  | found it on level 4 of a ziggurat)
 82842 | Zig:5    | Entered Level 5 of a ziggurat
 82920 | Zig:5    | Identified Hufoosk's Grimoire of Shape Shifting
 82931 | Zig:5    | Identified the cursed +1 dire flail of Plague {vamp, rF+}
                  | (You found it on level 5 of a ziggurat)
 82933 | Zig:5    | Lost mutation: You are frail. (-10% HP) [potion of
                  | mutation]
 82933 | Zig:5    | Gained mutation: You are agile. (Dex +2) [potion of
                  | mutation]
 82933 | Zig:5    | Gained mutation: Scrolls take you a little longer to read.
                  | [potion of mutation]
 82933 | Zig:5    | Gained mutation: You expend magic power (3 MP) to
                  | strengthen your wands. [potion of mutation]
 82983 | Zig:6    | Entered Level 6 of a ziggurat
 83190 | Zig:6    | Identified the ring of Fuase {Will+ Str-5 Dex+8} (You found
                  | it on level 6 of a ziggurat)
 83210 | Zig:7    | Entered Level 7 of a ziggurat
 83217 | Zig:7    | Noticed a royal mummy
 83219 | Zig:7    | Found the +8 arc blade {discharge, rElec}
 83243 | Zig:8    | Entered Level 8 of a ziggurat
 84173 | Zig:8    | Identified Etittesu's Catalogue of Transmigration and
                  | Poisoning
 84312 | Zig:9    | Entered Level 9 of a ziggurat
 84356 | Zig:9    | HP: 9/181 [flying skull (2)]
 84357 | Zig:9    | Succumbed to an ushabti's dark miasma

Illustrated notes

Levels and vault maps discovered:
D:1:      lightli_molten_gateway, layout_loops_ring
D:2:      layout_basic, corexii_item_surrounded_by_moat, uniq_crazy_yiuf_cottage
D:3:      layout_basic, uniq_robin, uniq_natasha
D:4:      layout_basic, lemuel_crystal_altar, dancing_weapons_uskayaw,
          temple_statues, gup_sewer_entry_spiral
D:5:      minmay_clustersquares, layout_loops_corners, nicolae_alphabet_shops,
          feat_on_display, uniq_blork_the_orc, uniq_eustachio, uniq_menkaure
D:6:      layout_rooms, lemuel_round_altar, lightli_orcish_oven
D:7:      layout_basic, nicolae_overflow_crystal_walls,
          chequers_serial_rivers_room_b
D:8:      layout_rooms, lemuel_doored_altar, gammafunk_temple_overflow_pools,
          kennysheep_island_fort
D:9:      layout_long_grid, okawaru_humans, erik_lair_dragon, serial_shops,
          shop, trog_hazing_becter, uniq_erolcha
D:10:     layout_loops_corners, statue_in_the_mist_lemuel, uniq_joseph,
          uniq_urug
D:11:     layout_rooms, basic_altar, hellmonk_ghost_happy_afterlife,
          minivault_20, minmay_misc_feat_room, uniq_grum
D:12:     layout_loops_ring, zombieorc1_lemuel, minmay_between
D:13:     layout_rooms, serial_shops, shop_statue, nicolae_gozag_seed_capital
D:14:     layout_basic, grunt_vaults_entry_tiered, hangedman_decor_growths,
          minmay_unpleasant_kobolds
D:15:     gammafunk_depths_entry_grave, layout_cave_pools, serial_shops,
          nicolae_shop_behind_doors
Temple:   zaba_magenta_temple
Lair:1:   layout_cave_pods
Lair:2:   layout_cave_pods, infiniplex_staircase_pool_2, grunt_megastairs_1,
          serial_bayou_shore_b
Lair:3:   layout_regular_city, guppyfry_snake_entry_island
Lair:4:   layout_regular_city, elwin_shoals_entry_rooms,
          minmay_lair_oklob_bushes, lemuel_fruit_fields, lemuel_fruit_fields,
          uniq_sonja
Lair:5:   layout_roguey
Lair:6:   gammafunk_lair_ancient_temple, layout_gridlike,
          minmay_slime_entry_eyes, eino_small_chamber_without_monster
Shoals:1: layout_shoals, argonaut_gorgonesque
Shoals:2: layout_shoals, gammafunk_ghost_berserking_beasts,
          nicolae_shoals_kraken_party
Shoals:3: layout_shoals, nicolae_shoals_square_sea_wall
Shoals:4: shoals_end_grunt_garden, layout_shoals,
          nicolae_shoals_siren_and_animal_friends
Snake:1:  layout_layer_cave, serial_bayou_shore_b
Snake:2:  gammafunk_sealed_library, layout_onion, minmay_shop_grove
Snake:3:  layout_onion, gammafunk_ghost_wrathful_warriors
Snake:4:  johnstein_snake_rune_scales, layout_onion, lemuel_fruit_tree
Orc:1:    layout_diamond_mine, serial_shops, nicolae_shop_waterfront,
          bloody_trog
Orc:2:    grunt_orc_tribal_feast, layout_caves, gammafunk_ghost_fury_of_okawaru,
          nicolae_orc_rockfall, nicolae_orc_lava_room, uniq_azrael
Elf:1:    eino_elf_arrival_shootout, layout_loops_corners, serial_shops,
          nicolae_shop_trees, minmay_elf_annihilation
Elf:2:    layout_onion_city, basic_altar
Elf:3:    elf_hall, layout_geoelf_castle, special_room [special_room_orc]
Vaults:1: vaults_room_hallway, nicolae_vaults_alarming, vaults_dpeg_diagonal,
          nicolae_vaults_rhombus_6, vaults_standard_mumra_lines, v_misc_24,
          v_alt_pattern_4, dpeg_vaults_monster_box,
          nicolae_vaults_little_squares_1, vaults_room_boxed,
          nicolae_vaults_little_squares_6, v_misc_13, v_rooms_2,
          vaults_room_pools, vaults_room_large_hall, layout_vaults_omnicross,
          serial_shops, shop, uniq_nikola
Vaults:2: hangedman_vaults_hard_town_square, nicolae_vaults_puzzle_piece,
          v_misc_32, v_alt_pattern_3, v_pattern_5, v_alt_pattern_2,
          vaults_dpeg_hooks, v_misc_12, v_misc_17, hangedman_vaults_unwind,
          ontoclasm_vaults_loading_screen, layout_vaults_omnibox, serial_shops,
          shop
Vaults:3: v_rooms_6, minmay_crypt_entry_necro_gods, hangedman_vaults_stitches,
          nicolae_vaults_disjoint_gnomons, nicolae_vaults_display_case,
          vaults_mumra_minichess_inversion, ontoclasm_vaults_claustrophobia,
          vaults_standard_mumra_x, ontoclasm_vaults_pinch,
          layout_vaults_omnigrid, lightli_enter_wizlab_magi_temple
Vaults:4: hangedman_vaults_impose, nicolae_vaults_little_squares_3,
          vaults_door_vault, nicolae_vaults_asterisk, v_misc_9, v_misc_12,
          vaults_mumra_minichess, layout_vaults_big_room, serial_shops,
          nicolae_shop_statue_plus, nicolae_shop_crystal
Vaults:5: serial_shops, uniq_boris, uniq_xtahua
Depths:1: layout_cave_pools, chequers_serial_rivers_micro_e, grunt_metal_band,
          minmay_misc_feat_more_columns, chequers_serial_rivers_large_a,
          chequers_big_river, drop_trap, st_stairs_14, serial_bayou_crossing,
          uniq_aizul
Depths:2: minmay_stepped, layout_cave_shapes, enter_ziggurat_e,
          hangedman_decor_points, pf_vacation_house_of_asmodeus, serial_shops,
          bzr_in_the_mist, minmay_staircase_bubble, kennysheep_random_hallway,
          uniq_mara
Zig:9

Skill      XL: |  1  2  3  4  5  6  7  8  9 10 11 12 13 14 15 16 17 18 19 20 21 22 23 |
---------------+----------------------------------------------------------------------+-----
Ice Magic      | 4 5 6 7 8 9 10 11 | 11.0
Fighting       | 1 2 3 4 5 6 7 10 11 12 13 14 15 | 15.4
Spellcasting   | 3 4 6 7 8 10 11 12 13 14 15 16 17 | 17.4
Dodging        | 2 3 4 5 6 7 8 9 10 11 | 11.8
Summonings     | 1 2 3 4 5 6 8 9 |  9.5
Stealth        | 2 3 4 |  4.1
Short Blades   | 1 2 3 4 5 7 |  7.1
Conjurations   | 1 3 4 5 6 7 8 9 10 11 12 13 | 13.4
Armour         | 1 2 3 4 5 6 |  6.8
Air Magic      | 1 2 3 4 7 10 13 14 15 16 17 18 | 18.4
Shields        | 1 2 3 6 8 9 10 11 12 13 | 13.0
Fire Magic     | 3 |  3.0
Earth Magic    | 2 3 4 5 |  5.6
Translocations | 1 3 4 |  4.0
Polearms       | 3 5 6 7 8 |  8.7
Transmutations | 2 3 4 |  4.1
Staves         | 3 4 |  4.1
Long Blades    | |  0.1
Throwing       | |  0.1
Evocations     | |  0.7

Action                   |  1- 3 |  4- 6 |  7- 9 | 10-12 | 13-15 | 16-18 | 19-21 | 22-24 || total
-------------------------+-------+-------+-------+-------+-------+-------+-------+-------++-------
Melee: Mace              |     2 |       |       |       |       |       |       |       ||     2
       Spear             |    60 |       |       |       |       |       |       |       ||    60
       Unarmed           |     2 |       |       |     3 |       |       |       |       ||     5
       Dagger            |       |    77 |   110 |   361 |   870 |   290 |       |       ||  1708
       Kick              |       |    14 |    43 |   127 |   363 |   171 |   209 |    83 ||  1010
       Staff             |       |       |    68 |       |       |       |       |       ||    68
       Scimitar          |       |       |       |       |    21 |       |       |       ||    21
       Demon trident     |       |       |       |       |       |   131 |   377 |   188 ||   696
       Quarterstaff      |       |       |       |       |       |       |   123 |    21 ||   144
Throw: Dart              |       |       |       |       |     7 |     1 |     2 |     2 ||    12
 Cast: Freeze            |    46 |    52 |    18 |       |       |       |       |       ||   116
       Frozen Ramparts   |     1 |    22 |    29 |    47 |    55 |    18 |     6 |     3 ||   181
       Shock             |       |       |    59 |   114 |    13 |       |       |       ||   186
       Summon Ice Beast  |       |       |       |    95 |   134 |    58 |    14 |     1 ||   302
       Iskenderun's Myst |       |       |       |       |    59 |    60 |   198 |    63 ||   380
       Airstrike         |       |       |       |       |   113 |  1064 |   878 |   466 ||  2521
       Bolt of Magma     |       |       |       |       |       |     9 |       |       ||     9
       Summon Lightning  |       |       |       |       |       |     1 |    16 |       ||    17
       Chain Lightning   |       |       |       |       |       |       |    66 |    40 ||   106
Evoke: Wand              |       |       |     1 |     8 |       |     1 |       |     4 ||    14
       Phantom mirror    |       |       |       |       |       |       |     1 |     2 ||     3
       Condenser vane    |       |       |       |       |       |       |       |     5 ||     5
  Use: Scroll            |     3 |     6 |     1 |     9 |    20 |    22 |    16 |    22 ||    99
       Potion            |       |     3 |       |     9 |     2 |     5 |     4 |    10 ||    33
 Stab: Sleeping          |    13 |     1 |     1 |       |     2 |       |     3 |       ||    20
       Distracted        |       |       |       |     3 |    10 |     3 |     5 |     5 ||    26
       Petrified         |       |       |       |       |       |     3 |       |       ||     3
       Invisible         |       |       |       |       |       |       |       |     4 ||     4
Armor: Robe              |    16 |    43 |    14 |       |       |       |       |       ||    73
       Leather armour    |       |       |    74 |     7 |       |       |       |       ||    81
       Ring mail         |       |       |       |   192 |   420 |   270 |   234 |   154 ||  1270
Dodge: Dodged            |    59 |    95 |   150 |   231 |   539 |   416 |   500 |   347 ||  2337
Block: Other             |       |       |       |    48 |   142 |       |       |       ||   190
       Reflection        |       |       |       |     1 |    29 |   139 |    90 |    44 ||   303
       Kite shield       |       |       |       |       |   137 |   510 |   383 |   331 ||  1361
       Rpst.: Scimitar   |       |       |       |       |     4 |       |       |       ||     4

Table legend: (Time is in decaauts)
 A = Elapsed time spent in this place.
 B = Non-inter-level travel time spent in this place.
 C = Inter-level travel time spent in this place.
 D = Time resting spent in this place.
 E = Time spent auto-exploring this place.
 F = Levels seen in this place.
 G = Mean time per level.
                   A        B        C        D        E       F      G
               +--------+--------+--------+--------+--------+-----+--------+
         Total |  84868 |  80557 |   4311 |  18764 |  48269 |  55 | 1543.1 |
       Dungeon |  20452 |  18883 |   1569 |   2706 |  12649 |  15 | 1363.5 |
        Temple |    109 |    109 |      0 |      0 |     97 |   1 |  109.0 |
          Lair |  11377 |  10625 |    752 |   2094 |   7221 |   6 | 1896.2 |
        Shoals |   8445 |   8128 |    317 |   2586 |   4250 |   4 | 2111.2 |
     Snake Pit |  12486 |  12081 |    405 |   3573 |   6845 |   4 | 3121.5 |
  Orcish Mines |   3669 |   3203 |    466 |   1129 |   1508 |   2 | 1834.5 |
   Elven Halls |   7060 |   6659 |    401 |    955 |   4663 |   3 | 2353.3 |
        Vaults |  11618 |  11301 |    317 |   2206 |   7019 |   5 | 2323.6 |
        Depths |   4819 |   4737 |     82 |   1283 |   2585 |   2 | 2409.5 |
         Abyss |      3 |      3 |      0 |      0 |      0 |   1 |    3.0 |
      Ziggurat |   1839 |   1839 |      0 |    830 |    559 |   9 |  204.3 |
        Bazaar |    265 |    265 |      0 |      0 |    229 |   1 |  265.0 |
         Sewer |    880 |    880 |      0 |     97 |    467 |   1 |  880.0 |
        Wizlab |   1839 |   1839 |      0 |   1305 |    173 |   1 | 1839.0 |
               +--------+--------+--------+--------+--------+-----+--------+

Top non-repeatable levels by time:
 Snake:2: 4243 daAuts
 Snake:4: 3815 daAuts
Shoals:3: 3308 daAuts
Vaults:4: 3298 daAuts
  Lair:6: 3272 daAuts
Vaults:3: 3266 daAuts
   Elf:3: 3117 daAuts
Vaults:2: 2643 daAuts
Depths:1: 2595 daAuts
 Snake:3: 2472 daAuts
   Orc:2: 2460 daAuts
Vaults:1: 2407 daAuts
Shoals:2: 2238 daAuts
    D:12: 2237 daAuts
Depths:2: 2223 daAuts
